 Dungeon Crawl Stone Soup version 0.28.0 (webtiles) character file.

Game seed: 12707192969853650025

299 danielguo94 the Cudgeller (level 6, 0/38 HPs)
             Began as a Gargoyle Fighter on Feb 5, 2022.
             Slain by a river rat (7 damage)
             ... on level 3 of the Dungeon.
             The game lasted 00:03:43 (1737 turns).

danielguo94 the Cudgeller (Gargoyle Fighter)        Turns: 1737, Time: 00:03:43

Health: 0/38       AC: 12    Str: 22    XL:     6   Next: 36%
Magic:  6/6        EV:  9    Int:  8    God:
Gold:   108        SH:  4    Dex:  9    Spells: 5/5 levels left

rFire   . . .      SeeInvis .   a - +0 flail
rCold   . . .      Faith    .   c - +0 buckler
rNeg    + . .      Spirit   .   b - +0 scale mail
rPois   ∞          Reflect  .   (no helmet)
rElec   +          Harm     .   (no cloak)
rCorr   .          Rampage  .   (no gloves)
Will    .....                   h - +0 pair of boots
Stlth   ..........              (no amulet)
HPRegen 0.12/turn               (no ring)
MPRegen 0.10/turn               (no ring)

@: no status effects
A: sickness immunity, AC +4, negative energy resistance 1, electricity
resistance, torment resistance 1, petrification resistance
a: no special abilities


You were on level 3 of the Dungeon.
You visited 1 branch of the dungeon, and saw 4 of its levels.

You collected 108 gold pieces.

Inventory:

Hand Weapons
 a - a +0 flail (weapon)
Missiles
 k - 25 stones (quivered)
 l - 4 atropa-tipped darts
 p - 4 poisoned darts
Armour
 b - a +0 scale mail (worn)
 c - a +0 buckler (worn)
 h - a +0 pair of boots (worn)
Jewellery
 n - an amulet of regeneration
Scrolls
 e - a scroll of teleportation {unknown}
 f - a scroll of noise
 g - a scroll of enchant weapon {unknown}
 j - a scroll of fear {unknown}
 o - 2 scrolls of identify {unknown}
Potions
 d - 2 potions of might
 i - 2 potions of attraction
 m - a potion of heal wounds {unknown}
 q - a potion of resistance


   Skills:
 + Level 4.1 Fighting
 * Level 4.9 Maces & Flails
 + Level 4.2 Armour
 + Level 1.1 Dodging
 + Level 3.8 Shields


You had 5 spell levels left.
You didn't know any spells.
Your spell library contained the following spells:

 Spells                   Type           Power      Damage    Failure   Level
 Beastly Appendage        Tmut           0%         N/A       82%         1
 Corpse Rot               Necr/Air       0%         N/A       91%         2
 Poisonous Vapours        Pois/Air       0%         N/A       91%         2
 Wereblood                Tmut           0%         N/A       91%         2
 Spider Form              Tmut/Pois      0%         N/A       99%         3


Dungeon Overview and Level Annotations

Branches:
Dungeon (4/15)
 Temple: D:4-7

Altars:


Innate Abilities, Weirdness & Mutations

You are immune to sickness and miasma.
Your stone body is resilient. (AC +4)
You are immune to poison.
You resist negative energy. (rN+)
You are resistant to electric shocks. (rElec)
You are resistant to unholy torment.
You are immune to petrification.


Message History

You barely miss the river rat.
The river rat is moderately wounded.
You block the river rat's attack.
You barely miss the river rat.
The river rat is moderately wounded.
The river rat barely misses you.
You closely miss the river rat.
The river rat is moderately wounded.
The river rat closely misses you.
The river rat bites you but does no damage.
You completely miss the river rat.
The river rat is moderately wounded.
The river rat barely misses you.
You barely miss the river rat.
The river rat is moderately wounded.
The river rat bites you!
You hit the river rat.
The river rat is moderately wounded.
The river rat bites you!
You barely miss the river rat.
The river rat is moderately wounded.
The river rat bites you.
* * * LOW HITPOINT WARNING * * *
You closely miss the river rat.
The river rat is moderately wounded.
The river rat bites you.
* * * LOW HITPOINT WARNING * * *
The river rat barely misses you.
You closely miss the river rat.
The river rat is moderately wounded.
The river rat barely misses you.
You barely miss the river rat.
The river rat is moderately wounded.
You block the river rat's attack.
Okay, then.
Unknown command.
You hit the river rat but do no damage.
The river rat is moderately wounded.
The river rat bites you!
You die...

#..#..# ##########.###.##
#.........## ##.## ##
##.######### ##.####...
#.##≈≈≈≈≈#### ##.......#
#≈# #≈#.###.#...#### #≈#
#≈#..#.......# #≈#
#r#.#.#.#...## #≈#
#@#.....##.## #≈#
#≈########.# # #≈# #≈#
#.# # #≈#######≈# ##'## #
##†≈.≈≈.†## ##...## #
######### ##.....## #
#.##.##.## ##.......## #
#.##.#...####.........###
#.##........'.........'..


You could see a river rat.

Vanquished Creatures
  A scorpion (D:2)
  Jessica (D:2)
  3 orc wizards (D:3)
  Natasha (D:3)
  5 adders
  A river rat (D:3)
  A worm (D:3)
  A dart slug (D:2)
  6 orcs
  6 ball pythons
  3 endoplasms
  A giant cockroach (D:2)
  6 goblins
  3 hobgoblins
  8 bats
  A frilled lizard (D:1)
  2 kobolds
  5 rats
55 creatures vanquished.

Notes
Turn   | Place    | Note
-------+----------+-------------------------------------------
     0 | D:1      | danielguo94 the Gargoyle Fighter began the quest for the
                  | Orb.
     0 | D:1      | Reached XP level 1. HP: 14/14 MP: 1/1
    77 | D:1      | Reached XP level 2. HP: 4/19 MP: 2/2
   891 | D:2      | Reached XP level 3. HP: 24/24 MP: 3/3
   935 | D:2      | Noticed a scorpion
   983 | D:2      | Noticed Jessica
   990 | D:2      | Killed Jessica
   991 | D:2      | Reached XP level 4. HP: 29/29 MP: 4/4
  1174 | D:2      | Killed a scorpion
  1175 | D:2      | Reached XP level 5. HP: 26/33 MP: 5/5
  1282 | D:2      | You fall into a shaft and drop 2 floors!
  1382 | D:4      | Reached skill level 1 in Dodging
  1442 | D:3      | Reached XP level 6. HP: 21/38 MP: 6/6
  1594 | D:3      | Noticed Natasha
  1611 | D:3      | Killed Natasha
  1737 | D:3      | Slain by a river rat

Illustrated notes

Levels and vault maps discovered:
D:1:      psy_arrival_conway, layout_basic
D:2:      layout_rooms, uniq_jessica
D:3:      layout_loops_corners, mainiacjoe_overflow_alcove_4,
          gup_sewer_entry_spiral, uniq_natasha
D:4:      layout_gridville, chequers_serial_rivers_small_3

Skill      XL: |  1  2  3  4  5 |
---------------+----------------+-----
Maces & Flails | 3 4 |  4.9
Armour         | 4 |  4.2
Dodging        | 1 |  1.1
Fighting       | 4 |  4.1
Shields        | |  3.8

Action                   |  1- 3 |  4- 6 || total
-------------------------+-------+-------++-------
Melee: Flail             |    60 |   133 ||   193
  Use: Scroll            |       |     1 ||     1
       Potion            |       |     1 ||     1
Armor: Scale mail        |    47 |    80 ||   127
Dodge: Dodged            |    32 |    55 ||    87
Block: Buckler           |    14 |    27 ||    41
